 Dungeon Crawl Stone Soup version 0.32-a0-473-gd044c6f0f0 (webtiles) character file.

Game seed: 16347152838308690559

7 Malificent the Chucker (level 1, 0/13 HPs)
             Began as a Demonspawn Wanderer on Feb 25, 2024.
             Slain by a dart slug (3 damage)
             ... on level 1 of the Dungeon.
             The game lasted 00:00:31 (102 turns).

Malificent the Chucker (Demonspawn Wanderer)         Turns: 102, Time: 00:00:32

Health: 0/13       AC:  3    Str: 17    XL:     1   Next: 83%
Magic:  2/2        EV: 11    Int: 10    God:
Gold:   0          SH:  0    Dex:  9    Spells: 1/2 levels left

rFire   . . .        a - +2 dagger
rCold   . . .        (no shield)
rNeg    . . .        e - +0 leather armour
rPois   .            (no helmet)
rElec   .            (no cloak)
rCorr   .            (no gloves)
SInv    .            (no boots)
Will    .....        (no amulet)
Stlth   +            (no ring)
HPRegen 0.22/turn    (no ring)
MPRegen 0.08/turn

%: no passive effects
@: no status effects
A: no striking features
a: no special abilities


You were on level 1 of the Dungeon.
You visited 1 branch of the dungeon, and saw 1 of its levels.

Inventory:

Hand Weapons
 a - a +2 dagger (weapon)
Missiles
 b - 4 curare-tipped darts (quivered)
Armour
 e - a +0 leather armour (worn)
Wands
 c - a wand of flame (7)
Scrolls
 d - a scroll of blinking
Potions
 f - 2 potions of curing {unknown}


   Skills:
 + Level 3.9 Throwing
 + Level 1.0 Spellcasting
 + Level 2.0 Hexes
 + Level 3.1 Evocations


You had one spell level left.
You knew the following spells:

 Your Spells              Type           Power      Damage    Failure   Level
a - Slow                  Hex            16%        N/A       19%         1

Your spell library contained the following spells:

 Spells                   Type           Power      Damage    Failure   Level
 Tukima's Dance           Hex            4%         N/A       50%         3


Dungeon Overview and Level Annotations

Branches:
Dungeon (1/15)

Altars:


Message History

You hit the giant cockroach.
The giant cockroach is moderately wounded.
The giant cockroach bites you. The endoplasm freezes you.
You are frozen.
The giant cockroach attacks as it pursues you!
The giant cockroach bites you but does no damage.
The dart slug launches a dart at you.
The slug dart hits you but does no damage.
The endoplasm attacks as it pursues you!
The endoplasm misses you.
The giant cockroach completely misses you.
The giant cockroach attacks as it pursues you!
The giant cockroach bites you.
* * * LOW HITPOINT WARNING * * *
You hit the giant cockroach but do no damage.
The giant cockroach bites you but does no damage.
You hit the giant cockroach but do no damage.
The giant cockroach barely misses you.
You closely miss the giant cockroach. The giant cockroach barely misses you.
You hit the giant cockroach.
The giant cockroach is moderately wounded.
The giant cockroach barely misses you. The giant cockroach closely misses you.
You closely miss the giant cockroach.
The giant cockroach is moderately wounded.
The giant cockroach bites you.
* * * LOW HITPOINT WARNING * * *
You hit the giant cockroach but do no damage.
The giant cockroach is moderately wounded.
The giant cockroach barely misses you.
You hit the giant cockroach.
The giant cockroach is severely wounded.
The giant cockroach bites you.
* * * LOW HITPOINT WARNING * * *
You hit the giant cockroach.
You kill the giant cockroach!
You hit the endoplasm.
You kill the endoplasm!
The dart slug bites you.
You die...

#.......# #.....[.#
#.......# # #.......# ####
#.......# '..#####.......# .
##.....†.......# ..
##.#####.......##########...
#.# #.>......@w..........
#.# ##....#####..........
#.# #....+ +.......... #.#
#....# #...)...#. #.# ####.#
#.......# .. .. +.......#
#.......# #.........
#..[......#


You could see a dart slug.

Vanquished Creatures
  3 endoplasms (D:1)
  A giant cockroach (D:1)
  A goblin (D:1)
  A rat (D:1)
6 creatures vanquished.

Notes
Turn   | Place    | Note
-------+----------+-------------------------------------------
     0 | D:1      | Malificent the Demonspawn Wanderer began the quest for the
                  | Orb.
     0 | D:1      | Malificent set off with the following items: a +2 dagger, 4
                  | curare-tipped darts, a wand of flame (7), a scroll of
                  | blinking, a +0 leather armour; and the following spell
                  | memorised: Slow; and the following spells available to
                  | memorise: Tukima's Dance.
     0 | D:1      | Reached XP level 1. HP: 13/13 MP: 2/2
   102 | D:1      | Slain by a dart slug

Illustrated notes

Levels and vault maps discovered:
D:1:      evilmike_arrival_crescent, layout_basic

Action                     || total
---------------------------++-------
  Melee: Dagger            ||    24
 Armour: Leather armour    ||    12
  Dodge: Dodged            ||    13

Table legend: (Time is in decaauts)
 A = Elapsed time spent in this place.
 B = Non-inter-level travel time spent in this place.
 C = Inter-level travel time spent in this place.
 D = Time resting spent in this place.
 E = Time spent auto-exploring this place.
 F = Levels seen in this place.
 G = Mean time per level.
                   A        B        C        D        E       F      G
               +--------+--------+--------+--------+--------+-----+--------+
         Total |    102 |    102 |      0 |     33 |     19 |   1 |  102.0 |
       Dungeon |    102 |    102 |      0 |     33 |     19 |   1 |  102.0 |
               +--------+--------+--------+--------+--------+-----+--------+

Top non-repeatable levels by time:
     D:1: 102 daAuts
